 Dungeon Crawl Stone Soup version 0.24-a0-618-ge4662a2 (console) character file.

Game seed: 4044411267157021559, levelgen mode: deterministic

76 vegansnacktivist the Sneak (level 4, -3/28 HPs)
             Began as an Octopode Transmuter on Sept 16, 2019.
             Slain by a sky beast (4 damage)
             ... on level 3 of the Dungeon.
             The game lasted 00:02:18 (2101 turns).

vegansnacktivist the Sneak (Octopode Transmuter)    Turns: 2101, Time: 00:02:20

Health: -3/28      AC:  1    Str: 10    XL:     4   Next: 32%
Magic:  2/7        EV: 13    Int: 15    God:
Gold:   154        SH:  0    Dex: 12    Spells: 1/7 levels left

rFire    . . .     SeeInvis .     - Unarmed
rCold    . . .     Gourm    .   (no shield)
rNeg     . . .     Faith    .   (helmet restricted)
rPois    .         Spirit   .   (no amulet)
rElec    .         Reflect  .   (no ring)
rCorr    .         Harm     .   (no ring)
MR       .....                  (no ring)
Stlth    ++++......             (no ring)
HPRegen  0.09/turn              (no ring)
MPRegen  0.10/turn              (no ring)
                                (no ring)
                                (no ring)

@: very slightly contaminated
A: almost no armour, stealthy swim, amphibious, 8 rings, constrict 8, camouflage
1, gelatinous body 1
a: no special abilities


You were on level 3 of the Dungeon.
You were not hungry.

You visited 1 branch of the dungeon, and saw 3 of its levels.

You collected 154 gold pieces.

Inventory:

Missiles
 a - 12 arrows
 h - 14 poisoned darts (quivered)
Jewellery
 j - an uncursed ring of fire
Scrolls
 d - 2 scrolls of identify {unknown}
 e - a scroll of teleportation {unknown}
 l - a scroll of remove curse {unknown}
 o - a scroll of magic mapping {unknown}
Potions
 b - a potion of resistance {unknown}
 f - a potion of haste {unknown}
 g - a potion of berserk rage {unknown}
 i - a potion of heal wounds {unknown}
 k - a potion of curing
 m - a potion of brilliance {unknown}
Comestibles
 c - 6 rations


   Skills:
 - Level 1.0 Fighting
 - Level 2.0 Dodging
 + Level 5.6 Stealth
 - Level 3.0 Unarmed Combat
 - Level 2.0 Spellcasting
 - Level 2.0 Transmutations


You had one spell level left.
You knew the following spells:

 Your Spells              Type           Power        Failure   Level  Hunger
a - Beastly Appendage     Tmut           #.....       10%         1    #......
b - Sticks to Snakes      Tmut           #.......     14%         2    ###....
c - Spider Form           Tmut/Pois      #.........   41%         3    ###....

Your spell library contained the following spells:

 Spells                   Type           Power        Failure   Level  Hunger
 Ice Form                 Ice/Tmut       #.......     82%         4    #####..
 Blade Hands              Tmut           #.........   95%         5    ######.


Dungeon Overview and Level Annotations

Branches:
Dungeon (3/15)

Altars:
Ashenzari


Innate Abilities, Weirdness & Mutations

You cannot wear most types of armour.
You are very stealthy in the water. (Stealth+)
You are amphibious.
You can wear up to eight rings at the same time.
You can use your tentacles to constrict eight enemies at once.
Your skin changes colour to match your surroundings (Stealth+).
Your rubbery body absorbs attacks. (AC +1, EV +1)


Message History

The sky beast flickers out of sight!
Deactivating autopickup; reactivate with Ctrl-A.
Something hits you. Something shocks you.
* * * LOW HITPOINT WARNING * * *
You see here a leopard gecko corpse.
A sky beast appears from thin air!
Reactivating autopickup.
The sky beast flickers out of sight!
Deactivating autopickup; reactivate with Ctrl-A.
Your transformation has ended.
A sky beast appears from thin air!
Reactivating autopickup.
Casting: Spider Form (slightly dangerous; 41% risk of failure)
Confirm with . or Enter, or press ? or * to list all spells.
You miscast Spider Form.
You are very lightly contaminated with residual magic.
Your body is twisted painfully.
* * * LOW HITPOINT WARNING * * *
The sky beast hits you.
You die...

#.#......###....##.
#..##........####..
##.................
####..##......#####..
##...........#.......#
##...................##
#............)...##..##
#.....................#
#....>@Y§...≈†.........
##...............######.
##................## #..
#...............#..##....
#...............##....###
#.....................#
#.........(...........#
#................#.#...
#..................####


You could see a sky beast.

Vanquished Creatures
  3 adders
  A dart slug (D:3)
  A leopard gecko (D:3)
  5 orcs
  2 giant cockroaches
  3 goblins
  2 hobgoblins (D:1)
  4 jackals
  A quokka (D:3)
  2 bats
  5 frilled lizards
  4 kobolds
  9 rats
42 creatures vanquished.

Notes
Turn   | Place    | Note
-------+----------+-------------------------------------------
     0 | D:1      | vegansnacktivist the Octopode Transmuter began the quest
                  | for the Orb.
     0 | D:1      | Reached XP level 1. HP: 13/13 MP: 3/3
    70 | D:1      | Reached skill level 1 in Stealth
   183 | D:1      | Reached skill level 2 in Stealth
   198 | D:1      | Reached XP level 2. HP: 18/18 MP: 5/5
   370 | D:1      | Reached skill level 3 in Stealth
   400 | D:1      | Found a shattered altar of Ashenzari.
  1045 | D:2      | Reached XP level 3. HP: 19/23 MP: 6/6
  1095 | D:2      | Reached skill level 4 in Stealth
  1306 | D:2      | Learned a level 2 spell: Sticks to Snakes
  1310 | D:2      | Learned a level 3 spell: Spider Form
  1794 | D:3      | Reached skill level 5 in Stealth
  1797 | D:3      | Reached XP level 4. HP: 28/28 MP: 4/7
  2068 | D:3      | Noticed a sky beast
  2101 | D:3      | HP: 1/28 [something (8)]
  2101 | D:3      | Slain by a sky beast

Levels and vault maps discovered:
D:1:      ncdulo_watergridlock, layout_loops_ring, kennysheep_nondescript,
          nicolae_ashenzari_panopticon
D:2:      layout_basic
D:3:      layout_rooms, okawaru_ov_weapons_minmay

Skill      XL: |  1  2  3 |
---------------+----------+-----
Stealth        | 2 3 5 |  5.6
Fighting       | |  1.0
Dodging        | |  2.0
Unarmed Combat | |  3.0
Spellcasting   | |  2.0
Transmutations | |  2.0

Action                   |  1- 3 |  4- 6 || total
-------------------------+-------+-------++-------
Melee: Unarmed           |    88 |    17 ||   105
       Constrict         |    24 |     4 ||    28
       Tentacles         |    13 |     2 ||    15
       Punch             |     1 |       ||     1
       Kick              |     1 |     4 ||     5
 Cast: Spider Form       |     1 |     1 ||     2
       Beastly Appendage |     1 |     1 ||     2
  Use: Potion            |     1 |       ||     1
 Stab: Sleeping          |    13 |       ||    13
       Distracted        |       |     1 ||     1
  Eat: Chunk             |     2 |     2 ||     4
Armor: Skin              |    11 |     2 ||    13
Dodge: Dodged            |    75 |    14 ||    89

Table legend:
 A = Non-vault XP
 B = Vault XP
 C = Vault XP percentage of total XP
 D = Non-vault monster count
 E = Vault monster count
 F = Vault count percentage of total count
                 A         B        C        D         E       F
            +---------+---------+-------+---------+---------+-------
      Total |     109 |       0 |   0.0 |      42 |       0 |   0.0
            +---------+---------+-------+---------+---------+-------
        D:1 |      23 |       0 |   0.0 |      17 |       0 |   0.0
        D:2 |      43 |       0 |   0.0 |      12 |       0 |   0.0
        D:3 |      43 |       0 |   0.0 |      13 |       0 |   0.0
            +---------+---------+-------+---------+---------+-------
